 Seeded DCSS version 0.31.0 (webtiles) character file.

Game seed: 2 (custom seed)

3525 Kazon the Covert (level 10, 0/65 HPs)
             Began as an Octopode Brigand on Jan 18, 2024.
             Was a Believer of Makhleb.
             Slain by an orc warrior
             ... wielding a +0 trident
              (8 damage)
             ... in a bailey on Jan 19, 2024.
             The game lasted 00:28:22 (4313 turns).

Kazon the Covert (Octopode Brigand)                 Turns: 4313, Time: 00:28:23

Health: 0/65       AC:  5    Str: 13    XL:     10   Next: 8%
Magic:  0/13       EV: 16    Int: 13    God:    Makhleb [**....]
Gold:   311        SH:  5    Dex: 22    Spells: 12/13 levels left

rFire   . . .        e - +2 dagger (venom)
rCold   . . .        c - +0 buckler
rNeg    . . .        I - +0 hat
rPois   +            j - amulet of guardian spirit
rElec   .            k - +4 ring of slaying
rCorr   .            o - +4 ring of protection
SInv    .            B - ring of poison resistance
Will    .....        C - +6 ring of dexterity
Stlth   ++++++       (no ring)
HPRegen 0.30/turn    (no ring)
MPRegen 0.13/turn    (no ring)
                     (no ring)

%: guardian spirit
@: mighty
A: almost no armour, amphibious, 8 rings, camouflage 1, gelatinous body 1,
(nimble swimmer 1), tentacles
a: Renounce Religion, Minor Destruction


You were in a bailey.
You worshipped Makhleb.
Makhleb was pleased with you.
You visited 2 branches of the dungeon, and saw 8 of its levels.
You also visited: Ossuary and Bailey.

You collected 311 gold pieces.

Inventory:

Hand Weapons
 a - a +2 dagger
 e - a +2 dagger of venom (weapon)
 N - a +0 dagger of venom
Missiles
 b - 16 poisoned darts
 p - 27 stones
 A - 2 curare-tipped darts (quivered)
Armour
 c - a +0 buckler (worn)
 u - an orb of mayhem
 I - a +0 hat (worn)
Jewellery
 j - an amulet of guardian spirit (around mantle)
 k - a +4 ring of slaying (left tentacle)
 o - a +4 ring of protection (right tentacle)
 B - a ring of poison resistance (on tentacle)
 C - a +6 ring of dexterity (on tentacle)
 J - a ring of resist corrosion
 K - a ring of protection from cold
 M - an amulet of reflection
Talismans
 y - a serpent talisman
Wands
 L - a wand of light (10)
Scrolls
 d - a scroll of poison {unknown}
 h - 2 scrolls of immolation {unknown}
 i - 6 scrolls of identify {unknown}
 n - 2 scrolls of enchant armour {unknown}
 q - 4 scrolls of teleportation
 r - 3 scrolls of vulnerability {unknown}
 v - 2 scrolls of noise {unknown}
 F - 3 scrolls of torment {unknown}
Potions
 f - 2 potions of enlightenment {unknown}
 g - 2 potions of attraction {unknown}
 l - 3 potions of mutation {unknown}
 m - 2 potions of might
 s - a potion of degeneration {unknown}
 t - a potion of cancellation
 w - 2 potions of curing {unknown}
 x - a potion of resistance {unknown}
 z - 3 potions of heal wounds {unknown}
 D - a potion of ambrosia {unknown}
 E - a potion of berserk rage {unknown}
 G - 2 potions of lignification {unknown}
 H - 3 potions of haste {unknown}


   Skills:
 * Level 4.7 Fighting
 * Level 6.6 Short Blades
 * Level 5.0 Throwing
 * Level 4.9 Dodging
 + Level 11.3 Stealth
 + Level 1.4 Shields
 + Level 2.0 Spellcasting
 + Level 2.0 Summonings
 * Level 4.0 Invocations
 * Level 1.7 Evocations
 + Level 2.1 Shapeshifting


You had 12 spell levels left.
You knew the following spells:

 Your Spells              Type           Power      Damage    Failure   Level
a - Summon Small Mammal   Summ           24%        N/A       14%         1

Your spell library contained the following spells:

 Spells                   Type           Power      Damage    Failure   Level
 Apportation              Tloc           2%         N/A       34%         1
 Call Canine Familiar     Summ           6%         N/A       41%         3
 Jinxbite                 Hex            2%         N/A       45%         2
 Summon Blazeheart Golem  Fire/Summ      4%         N/A       92%         4
 Manifold Assault         Tloc           1%         N/A       98%         4
 Alistair's Intoxication  Alch           0%         N/A       100%        5
 Dispersal                Tloc           0%         N/A       100%        6
 Disjunction              Tloc           0%         N/A       100%        8


Dungeon Overview and Level Annotations

Branches:
Dungeon (7/15)             Temple (1/1) D:5         Ossuary (visited)
 Bailey (1/1)

Altars:
Ashenzari
Cheibriados
Dithmenos
Elyvilon
Fedhas
Gozag
Hepliaklqana
Makhleb
Nemelex Xobeh
Okawaru
Qazlal
Ru
Sif Muna
Trog
Uskayaw
Vehumet
Wu Jian
Xom
Yredelemnul
Zin
The Shining One

Shops:
D:2 (   D:3 (


Innate Abilities, Weirdness & Mutations

You cannot wear most types of armour.
You are amphibious.
You can wear up to eight rings at the same time.
Your skin changes colour to match your surroundings (Stealth+).
Your rubbery body absorbs attacks. (AC +1, EV +1)
((You are camouflaged when in or above water. (Stealth+)))
You have tentacles for arms and can constrict up to eight enemies at once.


Message History

Throw: 30 stones
Press: ? - help, Q - select action, (/) - cycle Shift-Dir - straight line, f - orc
Aim: an orc, wielding a +0 trident and wearing a +0 scale mail (wandering, hasn't noticed you, 72% to hit)
You throw a stone. The stone closely misses the orc.
The orc shouts!
Throw: 29 stones
Press: ? - help, Q - select action, (/) - cycle Shift-Dir - straight line, f/p - orc
Aim: an orc, wielding a +0 trident and wearing a +0 scale mail (72% to hit)
You throw a stone. The stone hits the orc.
The orc is moderately wounded.
Unknown command.
Throw: 28 stones
Press: ? - help, Q - select action, (/) - cycle Shift-Dir - straight line, f/p - orc
Aim: an orc, wielding a +0 trident and wearing a +0 scale mail (moderately wounded, 72% to hit)
You throw a stone. The stone completely misses the orc.
The stone barely misses the orc warrior.
Throw: 3 darts (curare)
Press: ? - help, Q - select action, (/) - cycle Shift-Dir - straight line, f - orc warrior, p - orc
Aim: an orc warrior, wielding a +0 trident and wearing a +0 ring mail (63% to hit)
You throw a curare-tipped dart. The curare-tipped dart hits the orc.
The orc is poisoned.
The orc struggles to breathe.
The orc seems to slow down.
The orc is severely wounded.
Throw: 18 darts (poison)
Press: ? - help, Q - select action, (/) - cycle Shift-Dir - straight line, f/p - orc warrior
Aim: an orc warrior, wielding a +0 trident and wearing a +0 ring mail (63% to hit)
You throw a poisoned dart. The poisoned dart hits the orc!
The orc looks as sick as possible!
The orc is severely wounded.
You kill the orc!
Makhleb accepts your kill.
You feel better.
Throw: 17 darts (poison)
Press: ? - help, Q - select action, (/) - cycle Shift-Dir - straight line, f/p - orc warrior
Aim: an orc warrior, wielding a +0 trident and wearing a +0 ring mail (63% to hit)
You throw a poisoned dart. The poisoned dart hits the orc warrior.
The orc warrior is poisoned.
An orc warrior comes into view. It is wielding a +0 glaive.
The orc warrior hits you with a +0 trident!
You die...

##.♣..≈≈≈≈♣..#$.####
##.....≈≈≈≈...#.....
....♣..≈≈≈≈.♣.##..o
.......≈≈≈≈....#..#
......######...#.8#
...........)...#.)#
...............'))#
...............'o.#
..............)#@.#
......######...#.8#
....♣..≈≈≈≈....#).#
...♣♣..≈≈≈≈)..##).$......
##.....≈≈≈≈)..#..........
####..≈≈≈≈≈..#$.########
#...≈≈≈≈..####
#♣..≈≈≈≈≈..♣ ♣♣..≈≈≈≈≈.♣


You could see 2 orc warriors.

Vanquished Creatures
  An orc knight (Bailey)
  A deep elf pyromancer (D:7)
  Jeremiah (D:7)
  A water moccasin (D:7)
  A sky beast (D:6)
  A black bear (D:6)
  4 orc warriors
  4 centaurs
  2 ogres
  A phantom (D:4)
  A gnoll sergeant (D:6)
  2 scorpions
  6 water moccasin zombies (Ossuary)
  A burial acolyte (Ossuary)
  2 bombardier beetles
  2 hounds
  2 iguanas
  4 orc wizards
  2 crocodile zombies (Ossuary)
  A bullfrog simulacrum (Ossuary)
  2 mummies (Ossuary)
  8 adders
  5 gnolls (D:6)
  A white imp (D:7)
  2 ufetubi (D:6)
  4 adder zombies (Ossuary)
  3 dart slugs
  A ribbon worm (D:2)
  19 orcs
  3 ball pythons
  5 bats
  11 endoplasms
  2 giant cockroaches (D:3)
  10 gnoll zombies (Ossuary)
  12 goblins
  2 hobgoblins
  2 jackals (D:3)
  7 quokkas
  2 frilled lizards
  2 jackal zombies (Ossuary)
  2 kobolds
  4 orc zombies (Ossuary)
  4 rats
153 creatures vanquished.

Notes
Turn   | Place    | Note
-------+----------+-------------------------------------------
     0 | D:1      | Kazon the Octopode Brigand began the quest for the Orb.
     0 | D:1      | Reached XP level 1. HP: 14/14 MP: 1/1
    48 | D:1      | Reached XP level 2. HP: 19/19 MP: 2/2
   402 | D:1      | Reached skill level 6 in Stealth
   774 | D:2      | Reached XP level 3. HP: 24/24 MP: 3/3
   858 | D:2      | Found Weaqack's Weapon Shop.
   887 | D:2      | Reached XP level 4. HP: 29/29 MP: 4/4
  1220 | D:3      | Found Hivuethe's Antique Weapon Shoppe.
  1311 | D:3      | Noticed an ogre
  1391 | D:3      | Found a shimmering altar of Xom.
  1438 | D:3      | Found a shimmering altar of Xom.
  1452 | D:3      | Found a shimmering altar of Xom.
  1598 | D:3      | Killed an ogre
  1599 | D:3      | Reached skill level 7 in Stealth
  1599 | D:3      | Reached XP level 5. HP: 35/35 MP: 5/5
  1732 | D:4      | Noticed a phantom
  1805 | D:4      | Reached XP level 6. HP: 27/41 MP: 6/6
  1830 | D:4      | Upgraded the game from 0.31-b1-22-gc680215f68 to 0.31.0
  1906 | D:4      | Found a sacrificial altar of Ru.
  2071 | D:5      | Entered Level 5 of the Dungeon
  2075 | D:5      | Reached skill level 8 in Stealth
  2098 | D:5      | Reached skill level 1 in Shapeshifting
  2135 | D:5      | Reached XP level 7. HP: 43/45 MP: 7/7
  2187 | D:5      | Found a staircase to the Ecumenical Temple.
  2199 | Temple   | Entered the Ecumenical Temple
  2223 | Temple   | Became a worshipper of Makhleb the Destroyer
  2341 | D:5      | Reached skill level 1 in Invocations
  2522 | D:5      | Found a sand-covered staircase.
  2532 | Ossuary  | Entered an ossuary
  2599 | Ossuary  | Reached XP level 8. HP: 47/52 MP: 5/9
  2657 | Ossuary  | Reached skill level 9 in Stealth
  2680 | Ossuary  | Reached * piety under Makhleb
  2728 | Ossuary  | Reached skill level 5 in Short Blades
  3155 | D:5      | Learned a level 1 spell: Summon Small Mammal
  3226 | D:6      | Reached ** piety under Makhleb
  3316 | D:6      | Reached skill level 10 in Stealth
  3451 | D:6      | Reached XP level 9. HP: 58/58 MP: 9/11
  3465 | D:6      | Reached skill level 1 in Spellcasting
  3465 | D:6      | Reached skill level 1 in Summonings
  3811 | D:7      | Noticed Jeremiah
  3838 | D:7      | Killed Jeremiah
  4124 | D:7      | Noticed a deep elf pyromancer
  4132 | D:7      | Killed a deep elf pyromancer
  4133 | D:7      | Reached skill level 1 in Shields
  4174 | D:7      | Found a flagged portal.
  4191 | Bailey   | Entered a bailey
  4275 | Bailey   | Reached skill level 11 in Stealth
  4287 | Bailey   | Noticed an orc knight
  4298 | Bailey   | Killed an orc knight
  4299 | Bailey   | Reached skill level 1 in Evocations
  4299 | Bailey   | Reached XP level 10. HP: 13/65 MP: 2/13
  4301 | Bailey   | HP: 1/65 [orc warrior/+0 glaive (8)]
  4306 | Bailey   | Reached skill level 5 in Throwing
  4313 | Bailey   | Slain by an orc warrior

Illustrated notes

Levels and vault maps discovered:
D:1:      lightli_arrival_noodles, layout_loops_ring, skrybe_limestone_x
D:2:      layout_rooms, serial_shops, shop
D:3:      layout_basic, xom_redecorated, serial_shops, nicolae_shop_stone
D:4:      layout_rooms, mainiacjoe_overflow_six_doors_small,
          minmay_misc_feat_five
D:5:      layout_loops_ring, temple_pool_b, mainiacjoe_ossuary_entry_dusty_tomb
D:6:      layout_loops_ring, dk_noncrumbling_3
D:7:      layout_loops_cross, enter_bailey_5, guppyfry_early_elven_hall,
          uniq_jeremiah
Temple:   hellmonk_temple_of_storms
Bailey:   bailey_polearm_elven_captive_hellmonk, bailey

Skill      XL: |  1  2  3  4  5  6  7  8  9 10 |
---------------+-------------------------------+-----
Stealth        | 6 7 8 10 11 | 11.3
Dodging        | 2 3 4 |  4.9
Short Blades   | 3 4 5 6 |  6.6
Throwing       | 3 4 5 |  5.0
Shapeshifting  | 1 2 |  2.1
Fighting       | 3 4 |  4.7
Invocations    | 1 2 3 4 |  4.0
Spellcasting   | 2 |  2.0
Summonings     | 2 |  2.0
Shields        | 1 |  1.4
Evocations     | 1 |  1.7

Action                     |  1- 3 |  4- 6 |  7- 9 | 10-12 || total
---------------------------+-------+-------+-------+-------++-------
  Melee: Dagger            |    38 |    63 |   176 |     4 ||   281
         Constrict         |     6 |    12 |    44 |     1 ||    63
         Tentacles         |     7 |     9 |    58 |       ||    74
         Punch             |     1 |     1 |     4 |       ||     6
  Throw: Dart              |     7 |    18 |       |     3 ||    28
         Stone             |     9 |     2 |    20 |     3 ||    34
  Evoke: Wand              |       |       |     1 |       ||     1
    Use: Potion            |     1 |       |       |     2 ||     3
         Scroll            |       |     1 |       |       ||     1
   Stab: Sleeping          |    10 |    16 |    29 |       ||    55
         Distracted        |     1 |       |       |       ||     1
         Invisible         |       |       |     2 |       ||     2
 Armour: Skin              |     6 |    25 |    56 |     3 ||    90
  Dodge: Dodged            |    10 |    22 |    73 |     3 ||   108
  Block: Buckler           |       |     1 |    26 |       ||    27
         Form:             |       |     1 |       |       ||     1
         Serpent           |       |     1 |       |       ||     1
